 Dungeon Sprint DCSS version 0.21.0-3-g78d12a8bdd (webtiles) character file.

434 Pixllover the Basher (level 6, -10/68 HPs)
             Began as a Minotaur Berserker on Jan 13, 2018.
             Was a Believer of Trog.
             Mangled by Sonja
             ... wielding a +0 dagger of distortion
              (12 damage)
             ... in the Dungeon (Sprint I: "Red Sonja").
             The game lasted 00:02:04 (254 turns).

Pixllover the Basher (Minotaur Berserker)            Turns: 254, Time: 00:02:04

Health: -10/68     AC:  3    Str: 24    XL:     6   Next: 68%
Magic:  5/5        EV: 14    Int:  4    God:    Trog [**....]
Gold:   324        SH:  0    Dex:  9    Spells: 5/5 levels left

rFire    . . .     SeeInvis .   m - +0 scythe (flame)
rCold    . . .     Gourm    .   (shield currently unavailable)
rNeg     . . .     Faith    .   k - +0 leather armour
rPois    .         Spirit   .   (helmet restricted)
rElec    .         Reflect  .   (no cloak)
rCorr    .         Harm     .   (no gloves)
MR       .....     NoTele   +   (no boots)
Stlth    +.........             (no amulet)
HPRegen  0.21/turn              (no ring)
MPRegen  0.09/turn              (no ring)

@: berserk cooldown, slowed, very slow
A: retaliatory headbutt, horns 2
a: Berserk, Trog's Hand, Burn Spellbooks, Renounce Religion


You were in the Dungeon.
You worshipped Trog.
Trog was pleased with you.
You were hungry.

You visited 1 branch You collected 324 gold pieces.

Inventory:

Hand Weapons
 a - a +0 mace
 m - a +0 scythe of flaming (weapon)
Armour
 b - a +0 animal skin
 k - a +0 leather armour (worn)
Wands
 j - a wand of random effects (18)
Scrolls
 i - a scroll of blinking
 n - a scroll of magic mapping {unknown}
Potions
 d - a potion of curing
 e - a potion of heal wounds
 f - a potion of haste
 g - 2 potions of magic
 h - a potion of berserk rage
Comestibles
 c - a ration
 l - 4 chunks of flesh


   Skills:
 + Level 11.0 Fighting
 + Level 11.3 Maces & Flails
 + Level 2.0 Polearms
 + Level 5.7 Armour
 + Level 5.8 Dodging


You had 5 spell levels left.
You didn't know any spells.

Dungeon Overview and Level Annotations

Branches:
Dungeon (1/1)

Altars:
Cheibriados
Dithmenos
Elyvilon
Fedhas
Gozag
Hepliaklqana
Kikubaaqudgha
Nemelex Xobeh
Okawaru
Qazlal
Ru
Sif Muna
Trog
Uskayaw
Vehumet
Wu Jian
Yredelemnul
Zin
The Shining One

Shops:
D [

Annotations:
D Sonja


Innate Abilities, Weirdness & Mutations

You reflexively headbutt those who attack you in melee.
You have a pair of horns on your head.


Message History

Sonja blinks!
You feel a strong urge to attack something.
You see here 27 gold pieces.
You feel your anger nearly subside.
You are no longer berserk.
You are exhausted.
You feel yourself slow down.
You feel sick.
You are no longer poisoned.
You see here 27 gold pieces.
Sonja says, "I'm academy-trained, you know."
You see here 27 gold pieces.
You closely miss Sonja. Your headbutt misses Sonja.
Sonja is moderately wounded.
Sonja barely misses you. You furiously retaliate!
You headbutt Sonja.
Sonja hits you with an uncursed dagger of distortion.
* * * LOW HITPOINT WARNING * * *
Sonja hits you but does no damage.
You feel a strange sense of stasis.
Sonja hits you with an uncursed dagger of distortion.
* * * LOW HITPOINT WARNING * * *
Space warps horribly around you!
You die...

#..#####'#####'#
#..####..#...#[#
#..#__####..##.#
#..#_____##'#_.+
#⌠⌠#_.∩K..'.(._#
####_..__##_.#+#
#_____###(#
#########K##
+..@+ #(.$#
##.## #+#


You could see Sonja.

Vanquished Creatures
  Sigmund (D)
  A yak (D)
  An ogre (D)
  A jelly (D)
  Ijyb (D)
5 creatures vanquished.

Notes
Turn   | Place    | Note
-------+----------+-------------------------------------------
     0 | D        | Pixllover the Minotaur Berserker began the quest for the Orb.
     0 | D        | Reached XP level 1. HP: 19/19 MP: 0/0
     2 | D        | Noticed Ijyb
    11 | D        | Killed Ijyb
    11 | D        | Reached skill level 5 in Fighting
    11 | D        | Reached skill level 5 in Maces & Flails
    11 | D        | Reached XP level 2. HP: 24/29 MP: 1/1
    68 | D        | Noticed an ogre
    71 | D        | Killed an ogre
    71 | D        | Reached XP level 3. HP: 40/40 MP: 2/2
    71 | D        | Reached XP level 4. HP: 48/48 MP: 3/3
   119 | D        | Noticed Sigmund
   123 | D        | Killed Sigmund
   123 | D        | Reached ** piety under Trog
   123 | D        | Reached skill level 10 in Maces & Flails
   123 | D        | Reached skill level 5 in Armour
   123 | D        | Reached skill level 5 in Dodging
   123 | D        | Reached XP level 5. HP: 58/58 MP: 4/4
   123 | D        | Reached XP level 6. HP: 66/66 MP: 5/5
   181 | D        | Found an ornate altar of the Wu Jian Council.
   181 | D        | Found a deep blue altar of Sif Muna.
   183 | D        | Found a radiant altar of Vehumet.
   185 | D        | Reached skill level 10 in Fighting
   212 | D        | Found Roirgheni's Armour Emporium.
   212 | D        | Found an ancient bone altar of Kikubaaqudgha.
   212 | D        | Found a hazy altar of Hepliaklqana.
   212 | D        | Found a stormy altar of Qazlal.
   212 | D        | Found a hide-covered altar of Uskayaw.
   212 | D        | Found a blossoming altar of Fedhas.
   212 | D        | Found a bloodstained altar of Trog.
   212 | D        | Found an iron altar of Okawaru.
   212 | D        | Found a basalt altar of Yredelemnul.
   212 | D        | Found a glowing golden altar of the Shining One.
   212 | D        | Found a snail-covered altar of Cheibriados.
   212 | D        | Found a sacrificial altar of Ru.
   212 | D        | Found a glowing silver altar of Zin.
   212 | D        | Found a shadowy altar of Dithmenos.
   212 | D        | Found a white marble altar of Elyvilon.
   212 | D        | Noticed a yak
   214 | D        | Killed a yak
   215 | D        | Found an opulent altar of Gozag.
   216 | D        | Found a sparkling altar of Nemelex Xobeh.
   233 | D        | Noticed Sonja
   254 | D        | HP: 2/68 [Sonja/uncursed dagger of distortion (5)]
   254 | D        | Mangled by Sonja

Skill      XL: |  1  2  3  4  5  6 |
---------------+-------------------+-----
Fighting       | 5 7 9 11 | 11.0
Maces & Flails | 5 7 10 11 | 11.3
Armour         | 3 4 5 |  5.7
Dodging        | 3 4 5 |  5.8
Polearms       | 2 |  2.0

Action                   |  1- 3 |  4- 6 || total
-------------------------+-------+-------++-------
Melee: Mace              |     9 |     2 ||    11
       Headbutt          |     1 |     2 ||     3
       Scythe            |       |     6 ||     6
Invok: Berserk           |     1 |     2 ||     3
Armor: Animal skin       |     1 |       ||     1
       Leather armour    |       |     5 ||     5
Dodge: Dodged            |     3 |    13 ||    16
